 Dungeon Crawl Stone Soup version 0.23-a0-164-g7711e572f3 (webtiles) character file.

33189 MirrMurr the Spear-Bearer (level 13, -9/91 HPs)
             Began as an Octopode Berserker on Sept 10, 2018.
             Was a High Priest of Trog.
             Mangled by a harpy (11 damage)
             ... summoned by Kirke
             ... on level 4 of the Lair of Beasts on Sept 12, 2018.
             The game lasted 00:38:54 (21442 turns).

MirrMurr the Spear-Bearer (Octopode Berserker)     Turns: 21442, Time: 00:38:55

Health: -9/91      AC:  1    Str: 16    XL:     13   Next: 69%
Magic:  13/13      EV: 20    Int: 11    God:    Trog [*****.]
Gold:   1305       SH: 13    Dex: 19    Spells: 12/12 levels left

rFire    . . .     SeeInvis +   a - +4 trident (venom)
rCold    . . .     Gourm    .   F - +1 shield
rNeg     + + .     Faith    .   (helmet restricted)
rPois    .         Spirit   .   (no amulet)
rElec    .         Reflect  .   (no ring)
rCorr    .         Harm     .   G - ring "Fenn" {rN+ Dex+4 SInv}
MR       .....                  H - ring of positive energy
Stlth    ++++++....             (no ring)
HPRegen  0.25/turn              (no ring)
MPRegen  0.13/turn              (no ring)
                                (no ring)
                                (no ring)

@: no status effects
A: almost no armour, stealthy swim, amphibious, 8 rings, constrict 8, camouflage
1, gelatinous body 1
a: Berserk, Trog's Hand, Brothers in Arms, Renounce Religion


You were on level 4 of the Lair of Beasts.
You worshipped Trog.
Trog was extremely pleased with you.
You were hungry.

You visited 3 branches of the dungeon, and saw 16 of its levels.

You collected 1305 gold pieces.

Inventory:

Hand Weapons
 a - a +4 trident of venom (weapon)
 b - a +0 fustibalus
 w - a +0 dagger of venom
Missiles
 f - 3 throwing nets {!f}
 g - 321 stones
 h - 100 bolts
 j - 67 sling bullets
 o - 7 javelins of returning (quivered)
Armour
 F - a +1 shield (worn)
Jewellery
 G - the ring "Fenn" (right tentacle) {rN+ Dex+4 SInv}
   (You took it off an orc wizard on level 11 of the Dungeon)

   [ring of see invisible]

   It affects your dexterity (+4).
   It protects you from negative energy.
   It lets you see invisible.
 H - a ring of positive energy (on tentacle)
Wands
 n - a wand of digging (28)
 t - a wand of acid (9)
 y - a wand of disintegration (5)
 A - a wand of random effects (18)
Scrolls
 i - 4 scrolls of identify
 p - 3 scrolls of blinking
 r - 9 scrolls of remove curse
 u - 9 scrolls of teleportation
 v - 4 scrolls of magic mapping
 B - 5 scrolls of enchant armour
 D - 2 scrolls of fog
 E - a scroll of fear
Potions
 d - 3 potions of haste
 e - a potion of mutation
 l - 13 potions of curing
 m - 4 potions of ambrosia
 q - 3 potions of agility
 s - 3 potions of heal wounds
 x - 4 potions of flight
 z - a potion of lignification
 C - a potion of cancellation
Miscellaneous
 k - a phantom mirror
 I - a lamp of fire
Comestibles
 c - 25 rations
 J - 18 chunks of flesh


   Skills:
 + Level 9.7 Fighting
 * Level 12.9 Polearms
 + Level 6.6 Slings
 + Level 9.7 Dodging
 + Level 12.6 Stealth
 + Level 9.1 Shields


You had 12 spell levels left.
You didn't know any spells.
Your spell library was empty.

Dungeon Overview and Level Annotations

Branches:
Dungeon (11/15)            Temple (1/1) D:7            Lair (4/6) D:8
 Spider (0/4) Lair:3          Orc (0/2) D:11
  Swamp: Lair:2-4    Shoals: Lair:2-4

Altars:
Ashenzari
Dithmenos
Elyvilon
Fedhas
Gozag
Kikubaaqudgha
Makhleb
Okawaru
Qazlal
Ru
Sif Muna
Trog
Xom
The Shining One
Beogh

Shops:
D:8 (

Annotations:
D:2 1 runed door yuif
D:5 3 runed doors, P0WERM0DE's ghost, amateur DDFi
D:10 3 runed doors, temitten's ghost, novice DDFi
Lair:4 Kirke


Innate Abilities, Weirdness & Mutations

You cannot wear most types of armour.
You are very stealthy in the water. (Stealth+)
You are amphibious.
You can wear up to eight rings at the same time.
You can use your tentacles to constrict eight enemies at once.
Your skin changes colour to match your surroundings (Stealth+).
Your rubbery body absorbs attacks. (AC +1, EV +1)


Message History

Your ring of positive energy melds into your body.
Your +4 trident of venom stops dripping with poison.
You lose your grip on Kirke.
Okay, then.
Your magical effects are unravelling.
You feel magically purged.
Your transformation has ended.
Your +4 trident of venom unmelds from your body.
Your +1 shield unmelds from your body.
The ring "Fenn" {rN+ Dex+4 SInv} unmelds from your body.
Your ring of positive energy unmelds from your body.
Your +4 trident of venom begins to drip with poison!
The harpy screeches!
You hear a trumpeting!
The harpy claws you!
* * * LOW HITPOINT WARNING * * *
You block the harpy's attack. The hog bites you!
* * * LOW HITPOINT WARNING * * *
A hog comes into view.
You block the harpy's attack. The harpy claws you!
You die...

##..###..P.#.....##.#
#......####........#.
##...................
#...................
#...................
#...................
#...................
#.hHH...............
##.@@................
#P.####h#.#.#....#P..
##.# ..## #h# ....
..$ ...+ #...# ...
#.h## ##@. ...


You could see Kirke, 2 harpies and 2 hogs.

Vanquished Creatures
  Rupert (Lair:3)
  5 hydras
  An ice dragon (D:11)
  Erica (Lair:1)
  A death knight (D:10)
  Nergalle (Lair:2)
  Urug (Lair:2)
  3 skeletal warriors (D:11)
  2 unseen horrors
  Pikel (D:3)
  3 ugly things (D:11)
  2 oklob plants (Lair:1)
  An orc sorcerer (D:11)
  2 deep elf magi (D:11)
  2 cyclopes (D:11)
  A centaur zombie (D:8)
  A gargoyle (D:11)
  4 spiny frogs
  A rime drake (Lair:1)
  5 komodo dragons
  A polar bear (Lair:1)
  3 jumping spiders (Lair:3)
  3 blink frogs (Lair:2)
  3 hippogriffs
  A spriggan (D:8)
  2 redbacks (Lair:3)
  17 yaks
  2 wyverns
  3 hogs (Lair:4)
  2 basilisks
  2 hungry ghosts
  2 hell hounds (Lair:1)
  6 water moccasins
  5 porcupines
  2 black bears
  An ice beast (D:11)
  3 orc warriors
  A slave (D:3)
  8 ogres
  3 wolves (Lair:2)
  A phantom (D:10)
  3 centaurs
  8 crocodiles
  A gnoll sergeant (D:8)
  15 bullfrogs
  4 scorpions
  8 wights (D:10)
  6 killer bees
  6 howler monkeys
  3 crimson imps
  2 bullfrog zombies
  An orc priest (D:4)
  5 hounds
  9 orc wizards
  3 jellies
  3 iguanas
  Jessica (D:2)
  2 bullfrog skeletons
  3 centaur skeletons
  9 worker ants
  2 hound skeletons
  A worker ant zombie (D:11)
  14 gnolls
  7 adders
  2 shadow imps
  2 oozes
  An adder zombie (D:6)
  An adder skeleton (D:5)
  2 worms
  3 dart slugs (D:1)
  5 leopard geckos
  34 orcs
  7 giant cockroaches
  5 goblins
  9 hobgoblins
  4 jackals (D:1)
  6 kobolds
  6 quokkas
  3 ball pythons
  10 bats
  5 frilled lizards
  2 jackal skeletons
  2 leopard gecko skeletons
  2 quokka skeletons
  8 rats
  A plant (D:11)
346 creatures vanquished.

Vanquished Creatures (collateral kills)
  An ugly thing (D:11)
  A centaur skeleton (D:11)
  An orc warrior (D:11)
  2 killer bees (D:11)
  A worker ant zombie (D:11)
  An adder (D:11)
7 creatures vanquished.

Vanquished Creatures (others)
  6 fungi (Lair:3)
  6 plants
12 creatures vanquished.

Grand Total: 365 creatures vanquished

Notes
Turn   | Place    | Note
-------+----------+-------------------------------------------
     0 | D:1      | MirrMurr the Octopode Berserker began the quest for the
                  | Orb.
     0 | D:1      | Reached XP level 1. HP: 16/16 MP: 1/1
   107 | D:1      | Reached XP level 2. HP: 21/21 MP: 2/2
   117 | D:1      | Reached skill level 1 in Stealth
   229 | D:1      | Reached XP level 3. HP: 13/26 MP: 3/3
  1159 | D:2      | Reached ** piety under Trog
  1179 | D:2      | Noticed Jessica
  1190 | D:2      | Killed Jessica
  1190 | D:2      | Reached XP level 4. HP: 22/31 MP: 4/4
  1495 | D:2      | Reached skill level 1 in Shields
  1764 | D:2      | Found a runed door.
  2137 | D:3      | Reached XP level 5. HP: 28/36 MP: 5/5
  2460 | D:3      | Found a deep blue altar of Sif Muna.
  2681 | D:3      | You fall through a shaft!
  2937 | D:4      | Reached *** piety under Trog
  3149 | D:4      | Noticed an ogre
  3157 | D:4      | Killed an ogre
  3157 | D:4      | Reached XP level 6. HP: 27/43 MP: 6/6
  3187 | D:4      | Noticed a slave
  3189 | D:4      | Noticed a slave
  3203 | D:3      | Killed a slave
  3446 | D:4      | Noticed Pikel
  3448 | D:4      | Noticed a slave
  3451 | D:4      | Noticed a slave
  3479 | D:3      | Killed Pikel
  3479 | D:3      | Reached skill level 5 in Polearms
  3479 | D:3      | Reached XP level 7. HP: 33/49 MP: 7/7
  3779 | D:4      | Reached XP level 8. HP: 36/54 MP: 8/8
  4226 | D:4      | Reached skill level 5 in Stealth
  4348 | D:5      | Entered Level 5 of the Dungeon
  4720 | D:5      | Reached skill level 5 in Fighting
  4807 | D:5      | Found a runed gate.
  4808 | D:5      | Found a runed gate.
  4809 | D:5      | Found a runed gate.
  4811 | D:5      | Found a roughly hewn altar of Beogh.
  4811 | D:5      | Noticed P0WERM0DE's ghost (amateur DDFi)
  5075 | D:5      | Reached skill level 5 in Dodging
  5359 | D:5      | Reached **** piety under Trog
  6599 | D:6      | Reached XP level 9. HP: 48/61 MP: 9/9
  7374 | D:7      | Found a staircase to the Ecumenical Temple.
  7440 | Temple   | Entered the Ecumenical Temple
  8482 | D:8      | Reached skill level 5 in Shields
  8724 | D:8      | Found a staircase to the Lair.
  8896 | D:8      | Reached XP level 10. HP: 69/69 MP: 10/10
  9167 | D:8      | Found Dofy's Weapon Shoppe.
  9715 | D:9      | Found a blossoming altar of Fedhas.
 10587 | D:10     | Entered Level 10 of the Dungeon
 10594 | D:10     | Found a sacrificial altar of Ru.
 10987 | D:10     | Noticed a death knight
 10988 | D:10     | Noticed an unseen horror
 11196 | D:10     | Found a runed gate.
 11202 | D:10     | Found a runed gate.
 11203 | D:10     | Found a runed gate.
 11205 | D:10     | Noticed temitten's ghost (novice DDFi)
 11346 | D:10     | Noticed an unseen horror
 11358 | D:10     | Killed an unseen horror
 11375 | D:10     | Reached skill level 1 in Slings
 11556 | D:10     | Killed a death knight
 12122 | D:10     | Reached skill level 10 in Polearms
 12122 | D:10     | Reached XP level 11. HP: 75/75 MP: 11/11
 12176 | D:10     | Reached ***** piety under Trog
 12445 | D:11     | Noticed a four-headed hydra
 12455 | D:11     | Killed a four-headed hydra
 12804 | D:11     | Noticed an orc sorcerer
 12806 | D:11     | Noticed a deep elf mage
 12810 | D:11     | Noticed a deep elf mage
 12812 | D:11     | Killed an orc sorcerer
 12841 | D:11     | Killed a deep elf mage
 12857 | D:11     | Killed a deep elf mage
 13078 | D:11     | Noticed a cyclops
 13096 | D:11     | Killed a cyclops
 13096 | D:11     | Reached skill level 10 in Stealth
 13332 | D:11     | Found a staircase to the Orcish Mines.
 13391 | D:11     | Noticed an ice dragon
 13407 | D:11     | Killed an ice dragon
 13532 | D:11     | Noticed a skeletal warrior
 13536 | D:11     | Noticed a skeletal warrior
 13543 | D:11     | Killed a skeletal warrior
 13547 | D:11     | Noticed a skeletal warrior
 13552 | D:11     | Killed a skeletal warrior
 13562 | D:11     | Killed a skeletal warrior
 13824 | D:11     | Noticed a brown ugly thing
 13826 | D:11     | Noticed a red ugly thing
 13866 | D:11     | Killed a red ugly thing
 13944 | D:11     | Killed a red ugly thing
 13944 | D:11     | Reached XP level 12. HP: 39/83 MP: 12/12
 13946 | D:11     | Got a bound lead ring
 14581 | D:11     | Identified the ring "Fenn" {rN+ Dex+4 SInv} (You took it
                  | off an orc wizard on level 11 of the Dungeon)
 15288 | Lair:1   | Entered Level 1 of the Lair of Beasts
 15288 | Lair:1   | Noticed Erica
 15294 | Lair:1   | Killed Erica
 15297 | Lair:1   | Noticed a seven-headed hydra
 15311 | Lair:1   | Killed a seven-headed hydra
 15825 | Lair:1   | Reached skill level 5 in Slings
 16354 | Lair:1   | Received a gift from Trog
 16630 | Lair:1   | Noticed a four-headed hydra
 17068 | Lair:1   | Killed a four-headed hydra
 17716 | Lair:2   | Noticed Nergalle
 17727 | Lair:2   | Killed Nergalle
 17727 | Lair:2   | Reached XP level 13. HP: 90/90 MP: 13/13
 18528 | Lair:2   | Noticed Urug
 18537 | Lair:2   | Killed Urug
 18960 | Lair:3   | Noticed Rupert
 18974 | Lair:3   | Killed Rupert
 20101 | Lair:3   | Found a hole to the Spider Nest.
 21421 | Lair:4   | Noticed Kirke
 21442 | Lair:4   | HP: 2/91 [hog[Kirke] (9)]
 21442 | Lair:4   | Mangled by a harpy

Vault maps used:
D:1:      dpeg_arrival_subterranean_lakeside_camping
D:2:      first_ration, kennysheep_jessica_study, uniq_crazy_yiuf_cottage
D:3:      nicolae_overflow_crystal_walls
D:4:      cheibrodos_sewer_entry_drain, uniq_pikel
D:5:      biasface_ghost_orc_armoury
D:7:      minmay_temple_entry_glass
D:8:      grunt_lair_entry_orc_guard_hut, serial_shops, shop, the_bakery,
          minmay_misc_feat_doors, kennysheep_small_circle
D:9:      fedhas_altar_2
D:10:     gammafunk_ghost_necromancy, nicolae_ru_sacrificial_ziggurat
D:11:     minmay_the_grid_3x3
Temple:   dpeg_three_leaves_temple
Lair:1:   dpeg_oklob_gauntlet, enter_volcano_3, grunt_megastairs_2, uniq_erica
Lair:2:   infiniplex_staircase_pool, uniq_urug, uniq_nergalle
Lair:3:   nicolae_spider_entry_tight_spaces, grunt_megastairs_5, uniq_rupert
Lair:4:   swamp_mist_pool, basic_altar, uniq_kirke

Skill      XL: |  1  2  3  4  5  6  7  8  9 10 11 12 13 |
---------------+----------------------------------------+-----
Stealth        | 1 2 3 4 6 7 9 10 11 12 | 12.6
Shields        | 1 2 3 4 5 6 7 8 9 |  9.1
Polearms       | 4 5 6 7 8 10 11 12 | 12.9
Fighting       | 4 5 6 7 8 9 |  9.7
Dodging        | 4 5 6 7 8 9 |  9.7
Slings         | 1 4 5 6 |  6.6

Action                   |  1- 3 |  4- 6 |  7- 9 | 10-12 | 13-15 || total
-------------------------+-------+-------+-------+-------+-------++-------
Melee: Spear             |    77 |    64 |    60 |       |       ||   201
       Tentacles         |     8 |    10 |    50 |   117 |    64 ||   249
       Constrict         |     7 |    13 |    42 |    63 |    20 ||   145
       Trident           |       |       |   138 |   501 |   211 ||   850
       Dagger            |       |       |     1 |     6 |     5 ||    12
 Fire: Hunting sling     |    10 |   111 |   113 |    85 |       ||   319
       Fustibalus        |       |       |       |   135 |    65 ||   200
Invok: Berserk           |       |     2 |     6 |    18 |     4 ||    30
       Trog's Hand       |       |     1 |     5 |     2 |     4 ||    12
       Brothers in Arms  |       |       |       |     1 |       ||     1
  Use: Scroll            |     5 |     2 |    11 |    12 |     2 ||    32
       Potion            |       |       |       |     1 |     1 ||     2
 Stab: Sleeping          |     9 |       |     4 |     9 |     6 ||    28
       Distracted        |       |       |     1 |     2 |     2 ||     5
       Invisible         |       |       |       |    10 |       ||    10
  Eat: Chunk             |     1 |     8 |    18 |    34 |     7 ||    68
       Ration            |       |       |     2 |     4 |     3 ||     9
Armor: Skin              |     3 |     4 |     4 |    10 |     2 ||    23
Dodge: Dodged            |    19 |    39 |    83 |   174 |    71 ||   386
Block: Shield            |     7 |    34 |    59 |   191 |    86 ||   377

Table legend:
 A = Non-vault XP
 B = Vault XP
 C = Vault XP percentage of total XP
 D = Non-vault monster count
 E = Vault monster count
 F = Vault count percentage of total count
                 A         B        C        D         E       F
            +---------+---------+-------+---------+---------+-------
      Total |   28522 |   18891 |  39.8 |     289 |      62 |  17.7
            +---------+---------+-------+---------+---------+-------
        D:1 |      49 |       8 |  14.0 |      23 |       6 |  20.7
        D:2 |      32 |      39 |  54.9 |      19 |       2 |   9.5
        D:3 |     111 |     641 |  85.2 |      19 |       1 |   5.0
        D:4 |     499 |       3 |   0.6 |      19 |       2 |   9.5
        D:5 |     669 |       0 |   0.0 |      33 |       0 |   0.0
        D:6 |     450 |       0 |   0.0 |       8 |       0 |   0.0
        D:7 |     245 |       0 |   0.0 |       7 |       0 |   0.0
        D:8 |    1936 |     837 |  30.2 |      32 |       6 |  15.8
        D:9 |     801 |       0 |   0.0 |      10 |       0 |   0.0
       D:10 |    3078 |       0 |   0.0 |      30 |       0 |   0.0
       D:11 |    6595 |    6622 |  50.1 |      28 |      25 |  47.2
     Lair:1 |    6569 |    2707 |  29.2 |      25 |       6 |  19.4
     Lair:2 |    3247 |    1659 |  33.8 |      17 |       2 |  10.5
     Lair:3 |    2365 |    5781 |  71.0 |       9 |       9 |  50.0
     Lair:4 |    1876 |     594 |  24.0 |      10 |       3 |  23.1
            +---------+---------+-------+---------+---------+-------
